 Dungeon Crawl Stone Soup version 0.29.1-12-g30fa7ad0bf (webtiles) character file.

Game seed: 6905436959687539329

2613 MisterFreud the Spear-Bearer (level 9, -6/68 HPs)
             Began as a Formicid Gladiator on Jan 16, 2023.
             Mangled by a vampire (7 damage)
             ... on level 5 of the Dungeon.
             The game lasted 00:06:23 (5039 turns).

MisterFreud the Spear-Bearer (Formicid Gladiator)   Turns: 5039, Time: 00:06:24

Health: -6/68      AC: 12    Str: 21    XL:     9   Next: 90%
Magic:  9/9        EV:  8    Int:  8    God:
Gold:   150        SH:  5    Dex: 17    Spells: 8/8 levels left

rFire   . . .      SeeInvis +   t - +8 trident "Ruarchoxa" {pain, rCorr}
rCold   . . .      Faith    .   o - +0 buckler
rNeg    . . .      Spirit   .   h - +0 chain mail
rPois   .          Reflect  .   (helmet unavailable)
rElec   .          Harm     .   (no cloak)
rCorr   +          Rampage  .   (no gloves)
Will    .....                   j - +1 pair of boots
Stlth   ..........              (no amulet)
HPRegen 0.21/turn               (no ring)
MPRegen 0.11/turn               (no ring)

@: no status effects
A: permanent stasis, dig shafts and tunnels, antennae 3, four strong arms
a: Dig, Shaft Self


You were on level 5 of the Dungeon.
You visited 1 branch of the dungeon, and saw 8 of its levels.

You collected 293 gold pieces.
You spent 143 gold pieces at shops.

Inventory:

Hand Weapons
 a - a +1 quarterstaff of draining
 t - the +8 trident "Ruarchoxa" (weapon) {pain, rCorr}
   (You found it on level 2 of the Dungeon)

   In the hands of one skilled in necromantic magic, it inflicts extra damage on
   living creatures.
   rCorr:     It protects you from acid and corrosion.
Missiles
 c - 3 throwing nets (quivered)
 d - a javelin
 m - 3 boomerangs
 p - 10 poisoned darts
Armour
 h - a +0 chain mail (worn)
 j - a +1 pair of boots (worn)
 o - a +0 buckler (worn)
Jewellery
 w - a +6 ring of strength
Wands
 k - a wand of digging (6)
 z - a wand of polymorph (10)
Scrolls
 g - 3 scrolls of enchant weapon
 n - 6 scrolls of identify
 u - a scroll of summoning
 y - 2 scrolls of silence
 D - a scroll of fear
 E - a scroll of magic mapping {unknown}
Potions
 b - 3 potions of degeneration {unknown}
 e - 2 potions of curing
 f - 4 potions of flight {unknown}
 i - a potion of magic
 l - 2 potions of heal wounds
 q - 2 potions of resistance {unknown}
 r - 3 potions of attraction {unknown}
 s - a potion of brilliance {unknown}
 v - a potion of invisibility
 x - a potion of might {unknown}
 A - a potion of lignification {unknown}
 B - a potion of haste {unknown}
 C - a potion of cancellation {unknown}


   Skills:
 + Level 5.4 Fighting
 - Level 9.2(10.0) Polearms
 - Level 5.5(8.1) Staves
 - Level 2.0 Throwing
 - Level 5.0 Armour
 - Level 2.6 Dodging
 - Level 4.0 Shields


You had 8 spell levels left.
You didn't know any spells.
Your spell library contained the following spells:

 Spells                   Type           Power      Damage    Failure   Level
 Summon Small Mammal      Summ           0%         N/A       99%         1
 Sublimation of Blood     Necr           0%         N/A       100%        2
 Wereblood                Tmut           0%         N/A       100%        2
 Call Canine Familiar     Summ           0%         N/A       100%        3
 Summon Guardian Golem    Hex/Summ       0%         N/A       100%        3
 Summon Hydra             Summ           0%         N/A       100%        7


Dungeon Overview and Level Annotations

Branches:
Dungeon (8/15)
 Temple: D:4-7         Lair: D:8-11

Altars:
Ashenzari
Xom

Shops:
D:7 !

Annotations:
D:3 3 runed translucent doors, Aldia's ghost, amateur DjCj
D:4 2 transporters, Colokkon's ghost, amateur KoBr
D:5 4 runed translucent doors


Innate Abilities, Weirdness & Mutations

You cannot be hasted, slowed, berserked, paralysed or teleported.
You can dig through walls and to a lower floor.
You have a pair of large antennae on your head. (SInv)
Your four strong arms can wield two-handed weapons with a shield.


Message History

The vampire is healed by the life force!
You hit the vampire.
The vampire is severely damaged.
The vampire hits you but does no damage.
The vampire closely misses you.
You closely miss the vampire.
The vampire is severely damaged.
The vampire draws life force from you!
The vampire is healed by the life force!
You barely miss the vampire.
The vampire is heavily damaged.
The vampire draws life force from you!
* * * LOW HITPOINT WARNING * * *
The vampire is healed by the life force!
You are too injured to fight recklessly!
You puncture the vampire!
The vampire is heavily damaged.
The vampire casts a spell.
The vampire flickers and vanishes for a moment.
You are too injured to fight recklessly!
You puncture the vampire!
The vampire is severely damaged.
You hit the vampire.
The vampire is almost destroyed.
The vampire barely misses you. The vampire bites you.
* * * LOW HITPOINT WARNING * * *
The vampire draws strength from your injuries!
You hit the vampire but do no damage.
The vampire is almost destroyed.
The vampire draws life force from you!
* * * LOW HITPOINT WARNING * * *
The vampire is healed by the life force!
You closely miss the vampire.
The vampire is severely damaged.
The vampire barely misses you.
The vampire bites you but does no damage.
You hit the vampire.
The vampire is severely damaged.
You block the vampire's attack. The vampire bites you!
You die...

.# #.##.........#..# #... .#
#.##.###.###.#..# ### ##... .#
#.#..# #.# #..#.## #.. .... .#
#..#.###.###.....# #.# ##..# .#
#.###............# #.# #..# .#
#..#.###.###.....# #.####..# .#
#....# #.# ...).# #.##....) .#
##..#.###.###V#.#.###.#...#)#
.####...#...)...@.#.#.#..).......
.##...#####.....###.#.#.#)#...#.#
.##.....#.....#.##..............#
.##...#.#.#...#.#.###..#..#######
.##..........##...# #.....#
.....##.#.##.####.###..#.##
.###.........# ##.........
.........##### ###########
##########


You could see a vampire (invisible).

Vanquished Creatures
  A two-headed ogre (D:5)
  Menkaure (D:6)
  Edmund (D:4)
  A water moccasin (D:6)
  An ice beast (D:8)
  A sky beast (D:7)
  A black bear (D:6)
  3 ogres
  A centaur (D:5)
  A kobold brigand (D:6)
  2 necrophages (D:6)
  A gnoll sergeant (D:5)
  A scorpion (D:4)
  2 orc priests
  6 hounds
  4 iguanas
  10 orc wizards
  7 gnolls
  3 adders
  3 white imps
  2 ufetubi
  2 worms
  2 dart slugs (D:1)
  20 orcs
  4 endoplasms
  3 giant cockroaches
  3 goblins (D:2)
  5 hobgoblins
  4 jackals (D:2)
  3 quokkas (D:1)
  3 ball pythons
  4 bats
  4 frilled lizards
  11 kobolds
  2 rats (D:3)
123 creatures vanquished.

Vanquished Creatures (others)
  14 fungi
  2 plants (D:3)
16 creatures vanquished.

Grand Total: 139 creatures vanquished

Notes
Turn   | Place    | Note
-------+----------+-------------------------------------------
     0 | D:1      | MisterFreud the Formicid Gladiator began the quest for the
                  | Orb.
     0 | D:1      | Reached XP level 1. HP: 16/16 MP: 1/1
    41 | D:1      | Found a faded altar of an unknown god.
    92 | D:1      | You fall into a shaft and drop 1 floor!
   161 | D:2      | Reached XP level 2. HP: 19/22 MP: 2/2
   527 | D:1      | Got Sif Muna's Secrets of Invitation
   648 | D:1      | Reached XP level 3. HP: 27/27 MP: 3/3
   766 | D:2      | You fall into a shaft and drop 2 floors!
  1036 | D:3      | Reached skill level 5 in Staves
  1036 | D:3      | Reached XP level 4. HP: 30/33 MP: 4/4
  1268 | D:2      | Reached XP level 5. HP: 32/38 MP: 5/5
  1584 | D:2      | Identified the +8 trident "Ruarchoxa" {pain, rCorr}
  1985 | D:3      | Reached skill level 1 in Polearms
  2110 | D:3      | Found a runed translucent gate.
  2110 | D:3      | Found a runed translucent gate.
  2111 | D:3      | Found a runed translucent gate.
  2113 | D:3      | Noticed Aldia's ghost (amateur DjCj)
  2114 | D:3      | Noticed a kobold brigand
  2304 | D:4      | Reached skill level 2 in Polearms
  2414 | D:4      | Reached XP level 6. HP: 38/44 MP: 6/6
  2555 | D:4      | Noticed an ogre
  2555 | D:4      | Noticed Colokkon's ghost (amateur KoBr)
  2555 | D:4      | Noticed an ogre
  2587 | D:4      | Reached skill level 3 in Polearms
  2645 | D:4      | Found a broken altar of Ashenzari.
  2648 | D:4      | Noticed Edmund
  2661 | D:4      | Killed Edmund
  2662 | D:4      | Reached skill level 4 in Polearms
  2662 | D:4      | Reached XP level 7. HP: 29/50 MP: 7/7
  2951 | D:4      | Found a transporter.
  2951 | D:4      | Found a transporter.
  3000 | D:5      | Entered Level 5 of the Dungeon
  3000 | D:5      | Found a shimmering altar of Xom.
  3022 | D:5      | You fall into a shaft and drop 1 floor!
  3238 | D:6      | Reached skill level 5 in Polearms
  3360 | D:5      | Reached skill level 1 in Shields
  3376 | D:5      | Reached skill level 6 in Polearms
  3469 | D:5      | Found a large runed translucent door.
  3469 | D:5      | Found a large runed translucent door.
  3487 | D:5      | Noticed a vampire
  3489 | D:5      | Reached XP level 8. HP: 42/56 MP: 8/8
  3491 | D:5      | You fall into a shaft and drop 3 floors!
  3618 | D:7      | Found Jyimuvism's Distillery.
  3626 | D:7      | Reached skill level 7 in Polearms
  3653 | D:7      | Bought a potion of invisibility for 88 gold pieces
  3653 | D:7      | Bought a potion of heal wounds for 55 gold pieces
  3835 | D:6      | Reached skill level 8 in Polearms
  3978 | D:6      | Noticed Menkaure
  3985 | D:6      | Killed Menkaure
  3994 | D:6      | Reached XP level 9. HP: 27/61 MP: 9/9
  3997 | D:6      | Reached skill level 9 in Polearms
  4022 | D:6      | Reached skill level 1 in Armour
  4472 | D:5      | Found a large runed translucent door.
  4472 | D:5      | Found a large runed translucent door.
  4512 | D:5      | Noticed a two-headed ogre
  4521 | D:5      | Killed a two-headed ogre
  4522 | D:5      | Reached skill level 5 in Fighting
  4522 | D:5      | Reached skill level 5 in Armour
  5037 | D:5      | HP: 1/68 [vampire/vampiric draining (11)]
  5039 | D:5      | Mangled by a vampire

Illustrated notes

Levels and vault maps discovered:
D:1:      lightli_molten_gateway, layout_rooms,
          shapermc_ecumenical_altar_starsandcircs
D:2:      layout_rooms, minmay_pentomino_z4
D:3:      layout_rooms, gammafunk_ghost_nasty_kobolds, interstate_on_off
D:4:      layout_rooms, amcnicky_altar_gilded, gammafunk_ghost_smash,
          uniq_edmund
D:5:      layout_loops_ring, xom_teletrap_fun, mainiacjoe_overflow_alcove_1,
          minmay_hollow_rounded_squares
D:6:      layout_cave_pools, serial_bayou_pond_e, minmay_misc_feat_tower,
          uniq_menkaure
D:7:      layout_loops_cross, mainiacjoe_overflow_concentric_impassable,
          minmay_temple_entry_waves, serial_shops, shop, shop_coins,
          nicolae_stop_n_shop_1, kennysheep_little_box, nicolae_shop_crystal
D:8:      layout_loops_ring, mainiacjoe_overflow_cross_hatched

Skill      XL: |  1  2  3  4  5  6  7  8  9 |
---------------+----------------------------+-----
Staves         | 4 5 |  5.5
Polearms       | 2 4 6 8 9 |  9.2
Shields        | 2 4 |  4.0
Armour         | 5 |  5.0
Fighting       | 5 |  5.4
Throwing       | |  2.0
Dodging        | |  2.6

Action                   |  1- 3 |  4- 6 |  7- 9 || total
-------------------------+-------+-------+-------++-------
Melee: Quarterstaff      |    61 |    53 |       ||   114
       Trident           |       |    71 |   201 ||   272
 Abil: Shaft Self        |     1 |       |     2 ||     3
  Use: Scroll            |     4 |     5 |     4 ||    13
       Potion            |       |     3 |       ||     3
Armor: Chain mail        |    31 |    54 |    85 ||   170
Dodge: Dodged            |    34 |    33 |    53 ||   120
Block: Buckler           |       |       |    24 ||    24
